 Dungeon Crawl Stone Soup version 0.30-a0-920-g7493c07aab (webtiles) character file.

Game seed: 4604383956387226459

5690 oldriver the Fighter (level 10, -2/90 (92) HPs)
             Began as a Green Draconian Ice Elementalist on Mar 21, 2023.
             Was an Initiate of Vehumet.
             Slain by an unseen horror (8 damage)
             ... on level 10 of the Dungeon.
             The game lasted 00:22:10 (12101 turns).

oldriver the Fighter (DrIE)                        Turns: 12101, Time: 00:22:11

HP:   -2/90 (92)    AC:  7    Str: 12    XL:     10   Next: 47%
MP:   8/22          EV: 12    Int: 19    God:    Vehumet [......]
Gold: 399           SH:  5    Dex: 11    Spells: 14/25 levels left

rFire   + . .      SeeInvis .    a - +2 sling (elec)
rCold   + . .      Faith    .    o - +1 buckler
rNeg    . . .      Spirit   .    (body armour unavailable)
rPois   +          Reflect  .    (helmet restricted)
rElec   .          Rampage  .    E - scarf {rC+ rF+}
rCorr   +                        (no gloves)
Will    .....                    (no boots)
Stlth   ++                       (no amulet)
HPRegen 0.35/turn                w - ring of resist corrosion
MPRegen 0.18/turn                D - ring of wizardry

@: very slightly contaminated, hasted, lightly drained, invisible, very quick
A: breathe noxious fumes, AC +7, unfitting armour, poison resistance,
cold-blooded
a: Breathe Noxious Fumes, Renounce Religion


You were on level 10 of the Dungeon.
You worshipped Vehumet.
Vehumet was noncommittal.
You visited 2 branches of the dungeon, and saw 11 of its levels.
You also visited: Ossuary.

You collected 399 gold pieces.

Inventory:

Hand Weapons
 a - a +2 sling of electrocution (weapon)
 b - a +1 dagger of freezing
 g - a +1 whip of draining
Missiles
 m - a throwing net
Armour
 o - a +1 buckler (worn)
 s - a +2 cloak
 E - a scarf of resistance (worn)
Jewellery
 w - a ring of resist corrosion (left hand)
 D - a ring of wizardry (right hand)
Wands
 d - a wand of roots (23)
 r - a wand of polymorph (7)
 u - a wand of flame (47)
 y - a wand of acid (7)
Scrolls
 j - a scroll of blinking
 l - a scroll of poison
 v - 2 scrolls of teleportation
 B - a scroll of amnesia
 C - a scroll of butterflies
 F - a scroll of identify
Potions
 c - 3 potions of brilliance
 e - a potion of cancellation
 f - 2 potions of flight {unknown}
 h - 3 potions of degeneration
 k - 3 potions of magic
 n - 2 potions of lignification
 p - 4 potions of mutation
 z - 3 potions of attraction
 A - 3 potions of might
Miscellaneous
 G - a condenser vane


   Skills:
 + Level 9.6 Fighting
 + Level 6.2 Ranged Weapons
 - Level 4.0 Dodging
 - Level 1.7 Stealth
 - Level 2.0 Shields
 + Level 8.4 Spellcasting
 + Level 1.2 Necromancy
 - Level 6.0 Ice Magic


You had 14 spell levels left.
You knew the following spells:

 Your Spells              Type           Power      Damage    Failure   Level
a - Freeze                Ice            100%       1d10      1%          1
b - Frozen Ramparts       Ice            60%        1d10      1%          3
c - Ozocubu's Armour      Ice            30%        N/A       1%          3
u - Dispel Undead         Necr           12%        3d9       26%         4

Your spell library contained the following spells:

 Spells                   Type           Power      Damage    Failure   Level
 Necrotise                Necr           48%        1d6       2%          1
 Apportation              Tloc           16%        N/A       4%          1
 Cigotuvi's Dreadful Rot  Necr/Pois/Air  18%        N/A       6%          2
 Lesser Beckoning         Tloc           16%        N/A       7%          2
 Vampiric Draining        Necr           12%        2d6       9%          3
 Summon Ice Beast         Ice/Summ       19%        N/A       13%         4
 Call Canine Familiar     Summ           8%         N/A       14%         3
 Gell's Gravitas          Tloc           8%         N/A       14%         3
 Portal Projectile        Hex/Tloc       16%        N/A       14%         3
 Teleport Other           Tloc           8%         N/A       14%         3
 Leda's Liquefaction      Hex/Erth       4%         N/A       41%         4
 Agony                    Necr           12%        N/A       56%         5
 Alistair's Intoxication  Tmut/Pois      5%         N/A       75%         5
 Death Channel            Necr           6%         N/A       98%         6


Dungeon Overview and Level Annotations

Branches:
Dungeon (10/15)            Temple (1/1) D:4         Ossuary (visited)
   Lair: D:8-11         Orc: D:9-12

Altars:
Ashenzari
Cheibriados
Dithmenos
Elyvilon
Fedhas
Gozag
Hepliaklqana
Kikubaaqudgha
Makhleb
Nemelex Xobeh
Okawaru
Qazlal
Ru
Sif Muna
Trog
Uskayaw
Vehumet
Wu Jian
Xom
Yredelemnul
Zin
The Shining One

Shops:
D:3 (   D:5 :   D:8 [


Innate Abilities, Weirdness & Mutations

You can breathe blasts of noxious fumes.
Your lurid green scales are hard. (AC +7)
You cannot fit into any form of body armour.
Your system is resistant to poisons. (rPois)
You are cold-blooded and may be slowed by cold attacks.


Message History

The wall freezes something but does no damage.
Unknown command.
Casting: Dispel Undead (dangerous; 26% risk of failure)
Confirm with . or Enter, or press ? or * to list all spells.
Aiming: Dispel Undead (dangerous; 26% risk of failure)
Press: ? - help, Shift-Dir - straight line, f/p - wight
Aim: a wight, wielding a +2 war axe of freezing and wearing a +0 robe (100% to hit)
You miscast Dispel Undead.
The world around you seems to dim momentarily!
You feel drained.
* * * LOW HITPOINT WARNING * * *
The wall freezes something but does no damage.
The wight resists.
The wall freezes the wight.
You block the wight's attack.
Casting: Dispel Undead (dangerous; 26% risk of failure)
Confirm with . or Enter, or press ? or * to list all spells.
Aiming: Dispel Undead (dangerous; 26% risk of failure)
Press: ? - help, Shift-Dir - straight line, f/p - wight
Aim: a wight, wielding a +2 war axe of freezing and wearing a +0 robe (lightly damaged, 100% to hit)
The wight is dispelled!
You destroy the wight!
Vehumet accepts your kill.
The wall freezes something.
Something hits you but does no damage.
You start resting.
The wall freezes something but does no damage.
Something hits you but does no damage.
The wall freezes something but does no damage.
Something hits you.
* * * LOW HITPOINT WARNING * * *
The wall freezes something.
Something hits you.
* * * LOW HITPOINT WARNING * * *
You fade into invisibility!
The frozen ramparts melt away.
Unknown command.
You feel better. Something hits you.
* * * LOW HITPOINT WARNING * * *
Something hits you.
* * * LOW HITPOINT WARNING * * *
Something hits you!
You die...

#.......##...####......o#
#.......##.....#...#.##.#
#.......##.....#...#.##o#
#...#...##.....#.....##.#
####
............#...##.##.#
............#.........#
...........>..............
...$........#........###
.########@###.....#....
#..............$..
#.......#.........
#......##.........
#......##....... #........
.......... ....##......
#....# .....#


There were no monsters in sight!

Vanquished Creatures
  A komodo dragon (D:7)
  A troll (D:10)
  2 hornets
  2 wraiths (Ossuary)
  3 yaks (D:9)
  A steam dragon (D:8)
  Menkaure (D:7)
  A water moccasin (D:6)
  2 orc warriors (D:9)
  A sky beast (D:7)
  An ice beast (D:7)
  A black bear (D:4)
  An ogre (D:6)
  2 centaurs (D:9)
  2 phantoms
  2 kobold brigands
  6 bullfrogs
  4 scorpions
  2 gnoll sergeants
  10 wights
  12 killer bees
  2 howler monkeys (D:8)
  A centaur zombie (Ossuary)
  4 orc priests
  2 hounds (D:5)
  2 sleepcaps
  Ijyb (D:4)
  4 iguanas
  6 orc wizards
  A statue (D:9)
  A mummy (D:8)
  13 gnolls
  9 adders
  A white imp (D:3)
  2 worms
  4 dart slugs
  38 orcs
  9 endoplasms
  A giant cockroach (D:1)
  9 goblins
  9 hobgoblins
  6 jackals
  23 kobolds
  8 quokkas
  4 ball pythons (D:3)
  A ball python skeleton (Ossuary)
  8 bats
  8 frilled lizards
  A hobgoblin skeleton (Ossuary)
  2 hobgoblin zombies
  An orc skeleton (Ossuary)
  3 orc zombies
  5 rats
247 creatures vanquished.

Vanquished Creatures (others)
  A plant (D:3)
1 creature vanquished.

Grand Total: 248 creatures vanquished

Notes
Turn   | Place    | Note
-------+----------+-------------------------------------------
     0 | D:1      | oldriver the Draconian Ice Elementalist began the quest for
                  | the Orb.
     0 | D:1      | Reached XP level 1. HP: 14/14 MP: 3/3
   183 | D:1      | Reached XP level 2. HP: 22/22 MP: 1/5
   309 | D:1      | Reached skill level 1 in Fighting
   660 | D:1      | Reached XP level 3. HP: 23/28 MP: 1/6
   731 | D:1      | Learned a level 3 spell: Frozen Ramparts
  1411 | D:2      | Reached XP level 4. HP: 4/36 MP: 3/7
  1750 | D:2      | Reached skill level 5 in Ice Magic
  1754 | D:2      | Learned a level 3 spell: Ozocubu's Armour
  1873 | D:2      | Reached skill level 2 in Fighting
  2333 | D:3      | Found a faded altar of an unknown god.
  2619 | D:3      | Found Zuibbaogh's Weapon Boutique.
  3395 | D:3      | Reached XP level 5. HP: 37/42 MP: 3/9
  3779 | D:3      | Reached skill level 3 in Fighting
  3995 | D:4      | Noticed a black bear
  4008 | D:4      | Killed a black bear
  4009 | D:4      | Reached XP level 6. HP: 7/51 MP: 4/11
  4227 | D:4      | Noticed Ijyb
  4237 | D:4      | Killed Ijyb
  4241 | D:4      | Reached skill level 4 in Fighting
  4261 | D:4      | Your scales start taking on a lurid green colour.
  4261 | D:4      | Reached XP level 7. HP: 39/60 MP: 2/13
  4261 | D:4      | Gained mutation: Your system is resistant to poisons.
                  | (rPois) [Green Draconian growth]
  4656 | D:4      | Reached skill level 5 in Fighting
  4840 | D:4      | Found a staircase to the Ecumenical Temple.
  5069 | D:5      | Entered Level 5 of the Dungeon
  5278 | D:5      | Reached skill level 1 in Shields
  5445 | D:5      | Found Tilop's Vocational Training.
  5496 | D:5      | Reached skill level 1 in Ranged Weapons
  5526 | D:5      | Reached skill level 5 in Spellcasting
  5594 | D:5      | Found a bloodstained altar of Trog.
  5911 | D:5      | Reached XP level 8. HP: 69/69 MP: 11/15
  6801 | D:6      | Reached skill level 6 in Fighting
  7421 | D:7      | Reached XP level 9. HP: 78/78 MP: 15/18
  7529 | D:7      | Noticed Menkaure
  7537 | D:7      | Killed Menkaure
  7710 | D:7      | Reached skill level 7 in Fighting
  7814 | D:7      | Noticed a komodo dragon
  8058 | D:7      | Killed a komodo dragon
  8334 | Temple   | Entered the Ecumenical Temple
  8618 | D:8      | Found a sand-covered staircase.
  8635 | Ossuary  | Entered an ossuary
  8856 | Ossuary  | Reached skill level 8 in Fighting
  9447 | D:8      | Found Cing's Armour Boutique.
  9891 | D:8      | Reached skill level 5 in Ranged Weapons
 10485 | D:9      | Reached XP level 10. HP: 71/87 MP: 15/21
 10590 | D:9      | Reached skill level 9 in Fighting
 11116 | D:9      | Found a radiant altar of Vehumet.
 11133 | D:9      | Became a worshipper of Vehumet
 11641 | D:9      | Found a hazy altar of Hepliaklqana.
 11667 | D:9      | Learned a level 4 spell: Dispel Undead
 11807 | D:10     | Entered Level 10 of the Dungeon
 11834 | D:10     | HP: 1/88 [something (5)]
 12092 | D:10     | Reached skill level 1 in Necromancy
 12101 | D:10     | Slain by an unseen horror

Illustrated notes

Levels and vault maps discovered:
D:1:      sevenhm_arrival_forest_fort_small_6, layout_loops_ring
D:2:      layout_rooms
D:3:      layout_loops_corners, hellmonk_ecumenical_altar_run_dry, serial_shops,
          nicolae_shop_advertising_works [nicolae_subvault_shop_adworks],
          lexackson_kobold_supper
D:4:      layout_cave_pools, minmay_temple_entry_steel_oval, uniq_ijyb
D:5:      layout_loops_ring, trog_butcher_becter, nicolae_shop_vocational
D:6:      layout_loops_cross, minmay_misc_feat_tiny, nrook_mini_vaults
D:7:      layout_cave_pools, hangedman_decor_clover_reticule,
          lightli_orcish_oven, uniq_menkaure
D:8:      layout_loops_corners, nicolae_ossuary_entry_giza, serial_shops,
          kennysheep_little_box, minmay_liquid_box
D:9:      layout_irregular_city, vehumet_statue, nzn_hepliaklqana_mist_gate,
          minmay_splitting_lines
D:10:     layout_basic
Temple:   nicolae_temple_bog_church

Skill      XL: |  1  2  3  4  5  6  7  8  9 10 |
---------------+-------------------------------+-----
Fighting       | 1 2 3 4 5 6 8 9 |  9.6
Ice Magic      | 5 6 |  6.0
Spellcasting   | 3 4 5 6 7 8 |  8.4
Dodging        | 2 4 |  4.0
Shields        | 1 2 |  2.0
Ranged Weapons | 1 3 5 6 |  6.2
Necromancy     | 1 |  1.2
Stealth        | |  1.7

Action                     |  1- 3 |  4- 6 |  7- 9 | 10-12 || total
---------------------------+-------+-------+-------+-------++-------
  Melee: Unarmed           |     5 |       |       |       ||     5
         Dagger            |     9 |    10 |     8 |       ||    27
         Sling             |       |     2 |     2 |       ||     4
         Tailslap          |       |     1 |     1 |       ||     2
   Fire: Sling             |       |   136 |   341 |    98 ||   575
   Cast: Freeze            |    51 |     4 |    12 |     1 ||    68
         Frozen Ramparts   |     1 |    28 |    73 |    17 ||   119
         Ozocubu's Armour  |       |     3 |     5 |     3 ||    11
         Dispel Undead     |       |       |       |     3 ||     3
Ability: Breathe Noxious F |       |       |     4 |       ||     4
    Use: Scroll            |     4 |     7 |    16 |     3 ||    30
         Potion            |       |     2 |       |    11 ||    13
   Stab: Invisible         |       |     1 |     1 |       ||     2
 Armour: Skin              |    27 |    53 |    71 |    27 ||   178
  Dodge: Dodged            |    41 |   111 |   108 |    35 ||   295
  Block: Buckler           |       |    19 |    47 |    23 ||    89

Table legend: (Time is in decaauts)
 A = Elapsed time spent in this place.
 B = Non-inter-level travel time spent in this place.
 C = Inter-level travel time spent in this place.
 D = Time resting spent in this place.
 E = Time spent auto-exploring this place.
 F = Levels seen in this place.
 G = Mean time per level.
                   A        B        C        D        E       F      G
               +--------+--------+--------+--------+--------+-----+--------+
         Total |  12322 |  11832 |    490 |   1682 |   8175 |  12 | 1026.8 |
       Dungeon |  11387 |  10922 |    465 |   1462 |   7678 |  10 | 1138.7 |
        Temple |    213 |    188 |     25 |      0 |    175 |   1 |  213.0 |
       Ossuary |    721 |    721 |      0 |    220 |    321 |   1 |  721.0 |
               +--------+--------+--------+--------+--------+-----+--------+

Top non-repeatable levels by time:
     D:3: 1722 daAuts
     D:9: 1365 daAuts
     D:4: 1326 daAuts
     D:7: 1288 daAuts
     D:8: 1197 daAuts
     D:1: 1191 daAuts
     D:2: 1053 daAuts
     D:5: 1010 daAuts
     D:6: 948 daAuts
 Ossuary: 721 daAuts
    D:10: 283 daAuts
  Temple: 213 daAuts
